 Dungeon Crawl Stone Soup version 0.18-a0-1800-gdc7a371 (webtiles) character file.

130 vale the Conjurer (level 5, -10/35 HPs)
             Began as a Merfolk Wizard on Apr 25, 2016.
             Killed from afar by a crimson imp (22 damage)
             ... with a wand of acid
             ... on level 4 of the Dungeon.
             The game lasted 00:12:23 (4248 turns).

vale the Conjurer (Merfolk Wizard)                  Turns: 4248, Time: 00:12:24

Health: -10/35     AC:  2    Str:  8    XL:     5   Next: 14%
Magic:  6/9        EV: 12    Int: 18    God:
Gold:   97         SH:  0    Dex: 12    Spells: 4 memorised, 2 levels left

rFire  . . .     SeeInvis .     a - +0 dagger (freeze)
rCold  . . .     Gourm    .     k - +0 robe
rNeg   . . .     Faith    .     (no shield)
rPois  .         Spirit   .     b - +0 hat
rElec  .         Dismiss  .     (no cloak)
rCorr  .         Reflect  .     (no gloves)
SustAt .         Harm     .     (no boots)
MR     .....                    (no amulet)
Stlth  ++........               (no ring)
                                (no ring)

@: not resistant to hostile enchantments, unstealthy
A: change form in water, swift swim
a: no special abilities


You were on level 4 of the Dungeon.
You were not hungry.

You visited 1 branch of the dungeon, and saw 4 of its levels.

You collected 97 gold pieces.

Inventory:

Hand Weapons
 a - a +0 dagger of freezing (weapon)
 i - a +1 vampiric dagger
 l - a +0 dagger
 q - a +0 spear
Missiles
 e - 87 stones (quivered)
Armour
 b - a +0 hat (worn)
 k - a +0 robe (worn)
Wands
 s - a wand of paralysis (16/24)
Scrolls
 j - a scroll of teleportation {unknown}
 m - a scroll of identify
 n - a scroll of recharging {unknown}
 p - a scroll of noise {unknown}
Potions
 f - a potion of mutation
 g - a potion of heal wounds {unknown}
 t - 2 potions of cancellation {unknown}
Books
 c - a book of Minor Magic

   Spells                             Type                      Level
   a - Magic Dart                     Conjuration                  1
   b - Blink                          Translocation                2
   c - Call Imp                       Summoning                    2
   d - Repel Missiles                 Charms/Air                   2
   e - Slow                           Hexes                        2
   f - Conjure Flame                  Conjuration/Fire             3
   g - Mephitic Cloud                 Conjuration/Poison/Air       3
Comestibles
 d - 3 bread rations {@e1}
 o - a fruit
 r - 7 chunks of flesh {@w0}


   Skills:
 - Level 1.9 Polearms
 - Level 2.6 Dodging
 - Level 2.1 Stealth
 - Level 3.0 Spellcasting
 + Level 3.7 Conjurations
 - Level 1.0 Summonings
 - Level 0.7 Translocations


You had 2 spell levels left.
You knew the following spells:

 Your Spells              Type           Power        Failure   Level  Hunger
a - Magic Dart            Conj           ###.         4%          1    None
d - Mephitic Cloud        Conj/Pois/Air  #.......     34%         3    ###....
e - Call Imp              Summ           #.......     17%         2    ##.....
p - Blink                 Tloc           N/A          21%         2    ##.....


Dungeon Overview and Level Annotations

Branches:
Dungeon (4/15)
 Temple: D:4-7

Altars:
Dithmenos
Fedhas
Makhleb
Pakellas
The Shining One

Annotations:
D:3 Terence


Message History

Ouch! That really hurt!
* * * LOW HITPOINT WARNING * * *
The acid burns!
* * * LOW HITPOINT WARNING * * *
You take 32 damage, and have 3/35 hp.
MASSIVE DAMAGE!!
You are too injured to fight recklessly!
Drink which item? (? for menu, Esc to quit)
You feel better. The crimson imp closely misses you.
You regained 11 hp, and now have 14/35 hp.
The crimson imp closely misses you.
There is a stone staircase leading down here.
The crimson imp hits you.
* * * LOW HITPOINT WARNING * * *
You climb downwards.
Found 2 pink potions.
There is a stone staircase leading up here.
You take 2 damage, and have 12/35 hp.
The crimson imp zaps a wand.
The bolt of acid hits you!
Ouch! That really hurt!
You die...

#.. #.. #..
#.. # .. .#
##.###.###..
#..#.......#
#..5@.!.....
#.##.#.#####
# #.#.# #.#
# ... #.#
.#. # #


You could see a crimson imp.

Vanquished Creatures
  4 adders
  3 oozes
  2 worms
  2 giant geckos (D:2)
  An orc (D:3)
  2 ball pythons (D:1)
  3 giant cockroaches
  7 goblins
  5 hobgoblins
  4 jackals
  3 quokkas (D:2)
  10 bats
  A giant newt (D:2)
  7 kobolds
  8 rats
62 creatures vanquished.

Vanquished Creatures (collateral kills)
  2 adders (D:2)
  A worm (D:1)
3 creatures vanquished.

Grand Total: 65 creatures vanquished

Notes
Turn   | Place    | Note
--------------------------------------------------------------
     0 | D:1      | vale the Merfolk Wizard began the quest for the Orb.
     0 | D:1      | Reached XP level 1. HP: 13/13 MP: 4/4
    81 | D:1      | Reached skill level 1 in Conjurations
   311 | D:1      | Reached XP level 2. HP: 13/19 MP: 0/6
   315 | D:1      | Learned a level 2 spell: Call Imp
   318 | D:1      | Learned a level 2 spell: Blink
  1112 | D:1      | Reached XP level 3. HP: 24/24 MP: 0/7
  1764 | D:2      | Reached skill level 1 in Polearms
  1803 | D:2      | Noticed Terence
  2199 | D:2      | Found an oddly glowing altar of Pakellas.
  2280 | D:2      | Reached XP level 4. HP: 30/30 MP: 8/8
  2363 | D:2      | Found a glowing golden altar of the Shining One.
  3726 | D:3      | Reached XP level 5. HP: 35/35 MP: 6/9
  3811 | D:3      | Found a burning altar of Makhleb.
  4021 | D:3      | Found a blossoming altar of Fedhas.
  4068 | D:3      | Found a shadowy altar of Dithmenos.
  4129 | D:3      | Learned a level 3 spell: Mephitic Cloud
  4248 | D:4      | Killed from afar by a crimson imp

Vault maps used:
D:1:      sevenhm_arrival_forest_fort_small_6, serial_co_window_serial,
          co_window_of_opportunity_a, co_window_paths_a, co_window_cross_1,
          co_window_corner_a, co_window_paths_a, co_window_corner_a,
          co_window_corner_a, co_window_corner_a, co_window_of_opportunity_a,
          co_window_2corner, co_window_corner_cb, co_window_unsneaky_path_c,
          co_window_broadway_a, co_window_corner_ca, glass_columns_b,
          glass_columns_c, glass_columns_a, glass_columns_b, glass_columns_b,
          minmay_cupped
D:2:      marbit_many_paths, overflow_temple_1_default, first_bread,
          uniq_terence
D:3:      nicolae_overflow_crystal_walls, makhleb_grotto_becter,
          lemuel_coloured_pillars_altar, nicolae_overflow_hidden_temple,
          lemuel_crystal_altar, tgw_kikubaaqudgha
D:4:      elyvilon_altar_4, vehumet_crystals, minitemple, uniq_edmund

Skill      XL: |  1  2  3  4 |
---------------+-------------+-----
Conjurations   | 1 2 3 |  3.7
Polearms       | 1 |  1.9
Dodging        | |  2.6
Stealth        | |  2.1
Spellcasting   | |  3.0
Summonings     | |  1.0
Translocations | |  0.7

Action                   |  1- 3 |  4- 6 || total
-------------------------+-------+-------++-------
Melee: Club              |     4 |       ||     4
       Dagger            |     3 |    40 ||    43
       Spear             |    53 |    50 ||   103
Throw: Stone             |     1 |       ||     1
 Cast: Magic Dart        |    70 |    51 ||   121
       Call Imp          |     8 |    10 ||    18
       Mephitic Cloud    |       |     1 ||     1
  Use: Potion            |       |     4 ||     4
       Scroll            |       |     1 ||     1
 Stab: Sleeping          |     2 |     1 ||     3
  Eat: Chunk             |     5 |     6 ||    11
Armor: Robe              |    15 |    11 ||    26
Dodge: Dodged            |    38 |    56 ||    94
